 Dungeon Crawl Stone Soup version 0.22.1-2-g9c5b331 (webtiles) character file.

11614 Curus the Cruncher (level 11, -8/104 HPs)
             Began as a Minotaur Gladiator on Nov 21, 2018.
             Was a High Priest of Okawaru.
             Mangled by a cyan ugly thing (14 damage)
             ... on level 11 of the Dungeon.
             The game lasted 00:37:54 (7682 turns).

Curus the Cruncher (Minotaur Gladiator)             Turns: 7682, Time: 00:37:54

Health: -8/104     AC: 11    Str: 24    XL:     11   Next: 51%
Magic:  10/10      EV: 19    Int:  7    God:    Okawaru [*****.]
Gold:   478        SH:  0    Dex: 15    Spells: 10/10 levels left

rFire    + . .     SeeInvis .   a - +1 quarterstaff
rCold    + + .     Gourm    +   (shield currently unavailable)
rNeg     . . .     Faith    .   g - +0 troll leather armour {Purgy}
rPois    .         Spirit   .   c - +0 hat
rElec    .         Reflect  .   h - +0 cloak
rCorr    .         Harm     .   j - +2 pair of gloves {Dex+3}
MR       +....                  k - +2 pair of boots
Stlth    +.........             w - amulet of the gourmand
HPRegen  0.67/turn              e - ring of protection from fire (curse)
MPRegen  0.12/turn              q - ring of Roryeh {*Corrode +Fly rC++ MR+ Str+4}

@: no status effects
A: retaliatory headbutt, horns 2, slimy green scales 1, deformed body
a: Heroism, Finesse, Renounce Religion, Evoke Flight


You were on level 11 of the Dungeon.
You worshipped Okawaru.
Okawaru was extremely pleased with you.
You were not hungry.

You visited 2 branches of the dungeon, and saw 12 of its levels.

You collected 758 gold pieces.
You spent 280 gold pieces at shops.

Inventory:

Hand Weapons
 a - a +1 quarterstaff (weapon)
Missiles
 d - 2 throwing nets (quivered)
Armour
 b - a +1 leather armour
 c - a +0 hat (worn)
 g - a +0 troll leather armour (worn) {Purgy}
 h - a +0 cloak (worn)
 i - a +1 leather armour of poison resistance
 j - a +2 pair of gloves of dexterity (worn)
 k - a +2 pair of boots (worn)
 z - a +2 ring mail of magic resistance
 C - a +1 pair of gloves of strength
Jewellery
 e - a cursed ring of protection from fire (left hand)
 q - the ring of Roryeh (right hand) {*Corrode +Fly rC++ MR+ Str+4}
   (You found it on level 6 of the Dungeon)

   [ring of flight]

   It affects your strength (+4).
   It greatly protects you from cold.
   It affects your resistance to hostile enchantments.
   It lets you fly.
   It may corrode you when you take damage.
 w - an amulet of the gourmand (around neck)
 B - an uncursed ring of stealth
 D - the ring of Anocoirr {rF- MP+9 Str+3 Dex+5}
   (You took it off a centaur warrior on level 9 of the Dungeon)

   [ring of magical power]

   It affects your strength (+3).
   It affects your dexterity (+5).
   It makes you vulnerable to fire.
   It affects your magic capacity (+9).
 E - the amulet "Reuqij" {Gourm +Inv rPois rN+++ MR-}
   (You found it on level 9 of the Dungeon)

   [amulet of the gourmand]

   It allows you to eat raw meat even when not hungry.
   It protects you from poison.
   It renders you almost immune to negative energy.
   It affects your resistance to hostile enchantments.
   It lets you turn invisible.
 F - the ring of Vimizae {*Corrode +Blink MR+ Int+2 SInv}
   (You found it on level 9 of the Dungeon)

   [ring of protection from magic]

   It affects your intelligence (+2).
   It affects your resistance to hostile enchantments.
   It lets you see invisible.
   It lets you blink.
   It may corrode you when you take damage.
 G - the amulet of Anarchy {Spirit Str+3}
   (You found it on level 9 of the Dungeon)

   [amulet of guardian spirit]

   It causes incoming damage to be split between your health and magic.
   It affects your strength (+3).
 I - an uncursed ring of poison resistance
Wands
 m - a wand of digging (17)
 n - a wand of flame (10)
 r - a wand of enslavement (16)
 t - a wand of random effects (28)
 v - a wand of acid (6)
 y - a wand of scattershot (5)
 J - a wand of disintegration (8)
Scrolls
 l - 2 scrolls of teleportation
 o - 5 scrolls of identify
 p - 2 scrolls of remove curse
 u - 3 scrolls of fear
 A - a scroll of enchant weapon
 H - a scroll of enchant armour
Potions
 s - a potion of curing
 x - a potion of agility
 K - a potion of magic
 L - a potion of brilliance
Comestibles
 f - 18 rations


   Skills:
 + Level 11.9 Fighting
 - Level 14.0 Staves
 - Level 2.0 Throwing
 + Level 11.3 Dodging


You had 10 spell levels left.
You didn't know any spells.
Your spell library contained the following spells:

 Spells                   Type           Power        Failure   Level  Hunger
 Beastly Appendage        Tmut           #.....       47%         1    ##.....
 Magic Dart               Conj           #...         47%         1    ##.....
 Blink                    Tloc           N/A          63%         2    ###....
 Call Imp                 Summ           #.......     63%         2    ###....
 Poisonous Vapours        Pois/Air       #.....       63%         2    ###....
 Slow                     Hex            #.......     63%         2    ###....
 Sticks to Snakes         Tmut           #.......     63%         2    ###....
 Conjure Flame            Conj/Fire      #.......     85%         3    ####...
 Mephitic Cloud           Conj/Pois/Air  #.......     85%         3    ####...
 Spectral Weapon          Hex/Chrm       #.......     85%         3    ####...
 Spider Form              Tmut/Pois      #.........   85%         3    ####...
 Cause Fear               Hex            #.........   99%         4    #####..
 Fulminant Prism          Conj/Hex       #.........   99%         4    #####..
 Ice Form                 Ice/Tmut       #.......     99%         4    #####..
 Blade Hands              Tmut           #.........   100%        5    ######.
 Freezing Cloud           Conj/Ice/Air   #.........   100%        6    #######
 Ring of Flames           Chrm/Fire      #.........   100%        7    #######
 Shatter                  Erth           #.........   100%        9    #######


Dungeon Overview and Level Annotations

Branches:
Dungeon (11/15)            Temple (1/1) D:4             Orc (0/2) D:9
   Lair: D:8-11

Altars:
Ashenzari
Dithmenos
Elyvilon
Fedhas
Hepliaklqana
Kikubaaqudgha
Nemelex Xobeh
Okawaru
Ru
Wu Jian
Zin
The Shining One

Shops:
D:9 *

Annotations:
D:5 Grinder
D:10 1 runed door, RadicalHijinx's ghost, journeyman HOMo


Innate Abilities, Weirdness & Mutations

You reflexively headbutt those who attack you in melee.
You have a pair of horns on your head.
You are partially covered in slimy green scales. (AC +2)
Armour fits poorly on your strangely shaped body.


Message History

The cyan ugly thing trunk-slaps you.
* * * LOW HITPOINT WARNING * * *
The cyan ugly thing shocks you!
* * * LOW HITPOINT WARNING * * *
The cyan ugly thing misses you.
You are no longer corroded.
Okay, then.
The cyan ugly thing trunk-slaps you but does no damage.
The cyan ugly thing barely misses you. The cyan ugly thing barely misses you.
You feel yourself speed up. The cyan ugly thing closely misses you.
You furiously retaliate!
You headbutt the cyan ugly thing.
You see here a quokka corpse.
The cyan ugly thing trunk-slaps you but does no damage.
There is a stone staircase leading up here.
The cyan ugly thing trunk-slaps you!
* * * LOW HITPOINT WARNING * * *
The cyan ugly thing shocks you!
You die...

#.#
#.#
#h#
#T#
#z#
#.#
#y#
#u#
#@#
###


You could see a cyan ugly thing, a troll, a hornet, a wolf and a wight.

Vanquished Creatures
  Erica (D:10)
  A centaur warrior (D:9)
  2 two-headed ogres
  Pikel (D:5)
  An ugly thing (D:7)
  A cyclops (D:9)
  A troll (D:9)
  Eustachio (D:4)
  A human (D:8)
  9 yaks
  A hungry ghost (D:9)
  Menkaure (D:5)
  3 wargs (D:9)
  4 water moccasins
  A soldier ant (D:10)
  Edmund (D:5)
  2 orc warriors
  A black bear (D:10)
  Purgy (D:3)
  A phantom (D:6)
  6 sky beasts
  5 ogres
  2 eyes of draining
  A wolf (D:11)
  6 centaurs
  2 big kobolds
  Blork the orc (D:5)
  6 bullfrogs
  A gnoll sergeant (D:8)
  A water moccasin skeleton (D:7)
  2 scorpions
  A wight (D:11)
  An electric eel (D:11)
  2 howler monkeys (D:4)
  3 crimson imps (D:7)
  4 centaur zombies
  4 bullfrog skeletons
  7 orc priests
  A centaur skeleton (D:9)
  3 hounds
  8 orc wizards
  2 iguanas
  Ijyb (D:5)
  Natasha (twice) (D:3 D:2)
  5 worker ants
  2 killer bee zombies
  Robin (D:3)
  11 gnolls
  12 adders
  2 shadow imps (D:9)
  An ooze (D:3)
  2 adder zombies
  An adder skeleton (D:10)
  2 worms
  A dart slug (D:1)
  2 leopard geckos
  31 orcs
  A ball python (D:3)
  4 giant cockroaches
  20 goblins
  6 hobgoblins
  8 jackals
  5 quokkas
  8 bats
  4 frilled lizards
  A jackal skeleton (D:8)
  32 kobolds
  5 rats
274 creatures vanquished.

Vanquished Creatures (others)
  2 slaves (D:5)
  A killer bee zombie (D:5)
3 creatures vanquished.

Grand Total: 277 creatures vanquished

Notes
Turn   | Place    | Note
-------+----------+-------------------------------------------
     0 | D:1      | Curus the Minotaur Gladiator began the quest for the Orb.
     0 | D:1      | Reached XP level 1. HP: 18/18 MP: 0/0
    24 | D:1      | Reached skill level 4 in Staves
    32 | D:1      | Reached XP level 2. HP: 23/25 MP: 1/1
   281 | D:1      | Reached skill level 5 in Staves
   385 | D:1      | Reached XP level 3. HP: 29/30 MP: 2/2
   897 | D:2      | Reached skill level 6 in Staves
   897 | D:2      | Reached XP level 4. HP: 36/37 MP: 3/3
   994 | D:2      | Found a sacrificial altar of Ru.
   997 | D:2      | Found a glowing silver altar of Zin.
  1000 | D:2      | Found a white marble altar of Elyvilon.
  1150 | D:2      | Found a shadowy altar of Dithmenos.
  1350 | D:3      | Noticed Purgy
  1359 | D:3      | Killed Purgy
  1359 | D:3      | Reached skill level 7 in Staves
  1359 | D:3      | Reached XP level 5. HP: 42/42 MP: 4/4
  1474 | D:3      | Noticed Robin
  1482 | D:3      | Killed Robin
  1488 | D:3      | Reached skill level 8 in Staves
  1825 | D:3      | Noticed Natasha
  1826 | D:3      | Killed Natasha
  1826 | D:3      | Reached XP level 6. HP: 50/50 MP: 5/5
  2109 | D:3      | Noticed Natasha
  2155 | D:2      | HP: 2/50 [Natasha/magic dart (3)]
  2182 | D:2      | Killed Natasha
  2391 | D:4      | Noticed Eustachio
  2414 | D:4      | Reached skill level 9 in Staves
  2422 | D:4      | Killed Eustachio
  2422 | D:4      | Reached XP level 7. HP: 18/56 MP: 6/6
  2464 | D:4      | Reached skill level 10 in Staves
  2808 | D:4      | Found a staircase to the Ecumenical Temple.
  2819 | Temple   | Entered the Ecumenical Temple
  2825 | Temple   | Became a worshipper of Warmaster Okawaru
  2855 | D:4      | Reached skill level 11 in Staves
  2952 | D:4      | Found a glowing golden altar of the Shining One.
  3162 | D:5      | Entered Level 5 of the Dungeon
  3162 | D:5      | Noticed Blork the orc
  3178 | D:5      | Killed Blork the orc
  3180 | D:5      | Noticed Edmund
  3186 | D:5      | Reached XP level 8. HP: 54/62 MP: 7/7
  3208 | D:5      | Killed Edmund
  3208 | D:5      | Reached * piety under Okawaru
  3227 | D:5      | Reached skill level 12 in Staves
  3335 | D:5      | Noticed Ijyb
  3354 | D:5      | Killed Ijyb
  3593 | D:5      | Noticed Grinder
  3601 | D:5      | Paralysed by Grinder for 7 turns
  3604 | D:5      | Noticed Menkaure
  3605 | D:5      | Noticed Pikel
  3632 | D:5      | Killed Pikel
  3632 | D:5      | Reached skill level 13 in Staves
  3637 | D:5      | Killed Menkaure
  3871 | D:6      | Got a warped silver ring
  3882 | D:6      | Identified the ring of Roryeh {*Corrode +Fly rC++ MR+
                  | Str+4} (You found it on level 6 of the Dungeon)
  3994 | D:6      | Reached ** piety under Okawaru
  3994 | D:6      | Reached XP level 9. HP: 54/68 MP: 8/8
  4127 | D:6      | Reached skill level 14 in Staves
  4866 | D:7      | Reached skill level 5 in Dodging
  4875 | D:7      | Reached skill level 5 in Fighting
  4982 | D:7      | Reached *** piety under Okawaru
  5117 | D:7      | Noticed a brown ugly thing
  5142 | D:7      | Killed a brown ugly thing
  5283 | D:7      | Reached XP level 10. HP: 64/86 MP: 9/9
  5295 | D:7      | Reached **** piety under Okawaru
  5824 | D:8      | Identified Butzin's Volume of Ashen Malediction
  5936 | D:8      | Gained mutation: Armour fits poorly on your strangely
                  | shaped body. [potion of mutation]
  5936 | D:8      | Gained mutation: You are partially covered in slimy green
                  | scales. (AC +2) [potion of mutation]
  5995 | D:8      | Noticed a two-headed ogre
  6001 | D:8      | Killed a two-headed ogre
  6001 | D:8      | Reached ***** piety under Okawaru
  6305 | D:9      | Noticed a cyclops
  6308 | D:9      | Noticed a centaur warrior
  6315 | D:9      | Killed a cyclops
  6315 | D:9      | Received a gift from Okawaru
  6315 | D:9      | Reached skill level 10 in Fighting
  6335 | D:9      | Killed a centaur warrior
  6335 | D:9      | Reached skill level 10 in Dodging
  6335 | D:9      | Reached XP level 11. HP: 21/101 MP: 0/10
  6350 | D:9      | Got a translucent wooden ring
  6419 | D:9      | Identified the ring of Anocoirr {rF- MP+9 Str+3 Dex+5} (You
                  | took it off a centaur warrior on level 9 of the Dungeon)
  6450 | D:9      | Got a translucent lead amulet
  6453 | D:9      | Got a coiled wooden ring
  6455 | D:9      | Identified the ring of Vimizae {*Corrode +Blink MR+ Int+2
                  | SInv} (You found it on level 9 of the Dungeon)
  6464 | D:9      | Got a crude graven amulet
  6755 | D:9      | Found a staircase to the Orcish Mines.
  6762 | D:9      | Found Tyukhlor's Serpentskin Sales.
  6777 | D:9      | Bought an uncursed ring of poison resistance for 280 gold
                  | pieces
  6872 | D:9      | Identified the amulet "Reuqij" {Gourm +Inv rPois rN+++ MR-}
                  | (You found it on level 9 of the Dungeon)
  6874 | D:10     | Entered Level 10 of the Dungeon
  6906 | D:10     | Found a runed door.
  6906 | D:10     | Noticed RadicalHijinx's ghost (journeyman HOMo)
  6908 | D:10     | Noticed a deep elf mage
  7068 | D:10     | Noticed a two-headed ogre
  7070 | D:10     | Noticed Erica
  7073 | D:10     | Killed a two-headed ogre
  7089 | D:10     | Killed Erica
  7599 | D:10     | Identified the amulet of Anarchy {Spirit Str+3} (You found
                  | it on level 9 of the Dungeon)
  7646 | D:11     | Paralysed by a hornet for 2 turns
  7649 | D:11     | Noticed a cyan ugly thing
  7651 | D:11     | Paralysed by a hornet for 1 turns
  7653 | D:11     | HP: 4/104 [poisoned by a hornet]
  7661 | D:11     | HP: 1/104 [cyan ugly thing (16)]
  7682 | D:11     | Mangled by a cyan ugly thing

Skill      XL: |  1  2  3  4  5  6  7  8  9 10 11 |
---------------+----------------------------------+-----
Staves         | 4 5 6 7 8 9 11 13 14 | 14.0
Fighting       | 7 10 11 | 11.9
Dodging        | 7 10 11 | 11.3
Throwing       | |  2.0

Action                   |  1- 3 |  4- 6 |  7- 9 | 10-12 || total
-------------------------+-------+-------+-------+-------++-------
Melee: Quarterstaff      |    55 |   110 |   337 |   337 ||   839
       Headbutt          |     7 |    17 |    80 |    80 ||   184
       Unarmed           |       |    16 |       |       ||    16
Throw: Throwing net      |       |     2 |       |       ||     2
Invok: Heroism           |       |       |     1 |     3 ||     4
Evoke: Wand              |       |       |     3 |       ||     3
  Use: Scroll            |     3 |       |     9 |     4 ||    16
       Potion            |     2 |     3 |     4 |     3 ||    12
 Stab: Held in net/web   |       |     1 |       |       ||     1
  Eat: Chunk             |       |     5 |     8 |    10 ||    23
Armor: Leather armour    |     8 |     8 |       |       ||    16
       Troll leather arm |       |    29 |    81 |    54 ||   164
       Skin              |       |     2 |       |       ||     2
Dodge: Dodged            |    31 |    78 |   151 |   214 ||   474
